 Dungeon Crawl Stone Soup version 0.22.1-1-ga44c0e5 (webtiles) character file.

93694 nicolaieve the Warrior (level 15, -52/155 HPs)
             Began as a Minotaur Berserker on Sept 24, 2018.
             Was the Champion of Trog.
             Annihilated by an enormous slime creature (76 damage)
             ... on level 14 of the Dungeon.
             The game lasted 01:35:16 (20217 turns).

nicolaieve the Warrior (Minotaur Berserker)        Turns: 20217, Time: 01:35:18

Health: -52/155    AC: 20    Str: 26    XL:     15   Next: 61%
Magic:  14/14      EV: 11    Int:  7    God:    Trog [******]
Gold:   1106       SH: 13    Dex: 18    Spells: 14/14 levels left

rFire    + . .     SeeInvis +   i - +2 whip (venom)
rCold    . . .     Gourm    .   v - +0 shield
rNeg     . . .     Faith    .   I - +3 chain mail of the Devil {+Fly rPois rCorr Str-4 Stlth+}
rPois    +         Spirit   .   (helmet restricted)
rElec    .         Reflect  .   G - scarf {cloud immunity}
rCorr    +         Harm     .   u - +0 pair of gloves
MR       ++++.     NoTele   +   y - +0 pair of boots
Stlth    ..........             D - amulet "Bolosel" {RegenMP MR+++ Str-2 SInv}
HPRegen  0.35/turn              p - +4 ring of dexterity
MPRegen  0.39/turn              E - ring "Ocvuv" {-Tele rF+ EV+2 Str+8 Int+3}

@: no status effects
A: retaliatory headbutt, horns 2
a: Berserk, Trog's Hand, Brothers in Arms, Renounce Religion, Evoke Flight


You were on level 14 of the Dungeon.
You worshipped Trog.
Trog was exalted by your worship.
You were not hungry.

You visited 3 branches of the dungeon, and saw 22 of its levels.
You also visited: Sewer and Volcano.

You collected 2640 gold pieces.
You spent 1534 gold pieces at shops.

Inventory:

Hand Weapons
 i - a +2 whip of venom (weapon)
 B - a +2 morningstar of protection
 V - the +12 hunting sling of Callousness {velocity, rC+}
   (Trog gifted it to you on level 1 of the Orcish Mines)

   Any stone fired from it inflicts extra damage.
   It protects you from cold.
Missiles
 m - 696 stones (quivered)
 x - 76 sling bullets
Armour
 u - a +0 pair of gloves (worn)
 v - a +0 shield (worn)
 y - a +0 pair of boots (worn)
 F - a +0 large shield
 G - a scarf of cloud immunity (worn)
 I - the +3 chain mail of the Devil (worn) {+Fly rPois rCorr Str-4 Stlth+}
   (You found it on level 6 of the Lair of Beasts)

   It affects your strength (-4).
   It protects you from poison.
   It lets you fly.
   It provides partial protection from all sources of acid and corrosion.
   It makes you more stealthy.
 T - a +3 plate armour of fire resistance
Jewellery
 p - a +4 ring of dexterity (left hand)
 D - the amulet "Bolosel" (around neck) {RegenMP MR+++ Str-2 SInv}
   (You bought it in a shop on level 10 of the Dungeon)

   [amulet of magic regeneration]

   It increases your magic regeneration.
   It affects your strength (-2).
   It affects your resistance to hostile enchantments.
   It lets you see invisible.
 E - the ring "Ocvuv" (right hand) {-Tele rF+ EV+2 Str+8 Int+3}
   (You bought it in a shop on level 10 of the Dungeon)

   [ring of evasion]

   It affects your evasion (+2).
   It affects your strength (+8).
   It affects your intelligence (+3).
   It protects you from fire.
   It prevents most forms of teleportation.
 H - an uncursed amulet of guardian spirit {unknown}
Wands
 b - a wand of enslavement (41)
 q - a wand of iceblast (12)
 J - a wand of disintegration (35)
 K - a wand of flame (163)
 O - a wand of digging (11)
 U - a wand of paralysis (19)
Scrolls
 a - 2 scrolls of fear
 e - 9 scrolls of remove curse
 f - 8 scrolls of teleportation
 o - 3 scrolls of immolation {unknown}
 r - 2 scrolls of magic mapping {unknown}
 s - 10 scrolls of enchant armour {unknown}
 t - 5 scrolls of blinking
 w - a scroll of torment {unknown}
 A - a scroll of random uselessness {unknown}
 M - 5 scrolls of enchant weapon {unknown}
 P - 4 scrolls of fog
Potions
 d - a potion of berserk rage {unknown}
 g - a potion of might
 h - 4 potions of heal wounds
 j - 4 potions of curing
 k - a potion of agility
 l - a potion of lignification
 n - 3 potions of resistance
 z - 6 potions of flight
 C - 4 potions of mutation
 L - 2 potions of cancellation
Comestibles
 c - 31 rations
 N - 7 chunks of flesh


   Skills:
 - Level 19.8 Fighting
 - Level 16.0 Maces & Flails
 - Level 6.4 Slings
 - Level 16.2 Armour
 - Level 2.1 Dodging
 * Level 9.9 Shields


You had 14 spell levels left.
You didn't know any spells.
Your spell library was empty.

Dungeon Overview and Level Annotations

Branches:
Dungeon (14/15)            Temple (0/1) D:6            Lair (6/6) D:9
 Shoals (0/4) Lair:2       Spider (0/4) Lair:3        Slime (0/5) Lair:5
    Orc (2/2) D:12            Elf (0/3) Orc:2        Vaults (0/5) D:13

Altars:
Ashenzari
Dithmenos
Fedhas
Hepliaklqana
Kikubaaqudgha
Makhleb
Nemelex Xobeh
Okawaru
Qazlal
Ru
Uskayaw
Vehumet
Wu Jian
Yredelemnul
Zin
The Shining One
Beogh

Shops:
D:4 (   D:7 (==%(   D:8 *   D:10 }=[((   Orc:2 !?:%

Annotations:
Lair:2 exclusion: oklob plant
Lair:4 exclusion: 2 oklob plants


Innate Abilities, Weirdness & Mutations

You reflexively headbutt those who attack you in melee.
You have a pair of horns on your head.


Message History

The enormous slime creature is moderately wounded.
You hit the enormous slime creature but do no damage.
The enormous slime creature is moderately wounded.
The slime creature hits you!
A slime creature comes into view.
The enormous slime creature hits you!!!
* * * LOW HITPOINT WARNING * * *
You are too injured to fight recklessly!
You are too injured to fight recklessly!
You are too injured to fight recklessly!
You are too injured to fight recklessly!
You are too injured to fight recklessly!
You are too injured to fight recklessly!
You are too injured to fight recklessly!
You are too injured to fight recklessly!
You are too injured to fight recklessly!
Unknown command.
You feel much better. You block the slime creature's attack.
The enormous slime creature hits you!!!!
You die...

....#.....############.(((..#####
....#.....#..........#..(#..#...#
....+...#.#..........#.(.#..#...#
....#...#.#..........'...#..#...#
....#...#.#...########)))...#...#
....#...#.#...######.....####...'
#####.....#........#..##.#......#
..........#...##...#..##.#......#
..#.......######@..#..##.#.>....#
..#.......#....JJ..#..##.#......#
..#.......#........#..##.#......#
..#.......#........#..##.#......#
..#.......#...##(..#... .#...#+##
..#.......#..J #...# #...#...
.....######.. ..... #...
.###'#...##.. ...... #...
.........# #...


You could see an enormous slime creature and 2 slime creatures.

Vanquished Creatures
  An orc warlord (Orc:2)
  A stone giant (Orc:2)
  3 dire elephants
  A fire dragon (Lair:6)
  8 vault guards (D:13)
  A death knight (D:13)
  A catoblepas (Lair:6)
  7 hydras
  A centaur warrior (D:14)
  2 alligators (D:12)
  8 death yaks
  3 two-headed ogres
  The ghost of MalarOregon the Blocker, a novice MiFi of Yredelemnul (D:8)
  Urug (Orc:2)
  An orc high priest (Orc:2)
  A hell knight (Volcano)
  A salamander mystic (Volcano)
  A skeletal warrior (D:13)
  An unseen horror (shapeshifter) (D:14)
  A swamp dragon (Lair:6)
  2 lindwurms (Lair:6)
  3 orc knights
  Pikel (D:6)
  2 orc sorcerers (Orc:2)
  5 manticores
  4 ugly things (D:11)
  2 cyclopes
  2 deep elf magi
  2 elephants (Lair:6)
  A merfolk siren (Lair:2)
  6 black mambas
  4 salamanders (Volcano)
  2 molten gargoyles (Volcano)
  3 gargoyles
  12 spiny frogs
  A kobold demonologist (D:8)
  An efreet (D:13)
  6 rime drakes
  A freezing wraith (D:13)
  A demonic crawler (Lair:3)
  3 komodo dragons
  9 trolls
  3 merfolk (Lair:2)
  A polar bear (Lair:5)
  4 hornets
  Prince Ribbit (D:9)
  8 slime creatures
  5 dream sheep
  20 blink frogs
  8 hippogriffs
  4 wyverns
  3 wraiths
  5 basilisks
  42 yaks
  2 fire bats (Volcano)
  Eustachio (D:5)
  2 steam dragons (Lair:6)
  5 vampire mosquitoes
  2 hungry ghosts
  5 wargs
  2 hell hounds (D:12)
  17 water moccasins
  A swamp worm (shapeshifter) (D:13)
  12 porcupines
  Purgy (Sewer)
  A swamp drake (Lair:6)
  37 orc warriors
  4 slaves (D:6)
  4 phantoms
  5 sky beasts
  3 ice beasts
  15 ogres
  2 necrophages
  13 wolves
  21 centaurs
  11 crocodiles
  18 big kobolds
  15 bullfrogs
  A wyvern zombie (D:8)
  9 scorpions
  10 killer bees
  10 howler monkeys
  4 wights (D:10)
  A vampire bat (Lair:3)
  6 electric eels
  4 lava snakes (Volcano)
  8 crimson imps
  A bullfrog zombie (D:13)
  4 centaur zombies
  5 hounds
  14 orc priests
  10 jellies
  5 bullfrog skeletons
  9 iguanas
  18 orc wizards
  8 centaur skeletons
  2 hell rats (D:12)
  13 worker ants
  A hound zombie (D:8)
  3 hound skeletons
  4 gnolls (D:8)
  2 howler monkey skeletons
  2 worker ant zombies
  4 river rats (D:12)
  9 adders
  7 shadow imps
  9 oozes
  2 adder zombies
  2 worms
  13 leopard geckos
  80 orcs
  A ball python (D:1)
  11 giant cockroaches
  13 hobgoblins
  17 jackals
  2 quokkas (D:7)
  9 bats
  5 frilled lizards
  9 goblins
  34 kobolds
  10 rats
812 creatures vanquished.

Vanquished Creatures (others)
  2 rime drakes
  A hippogriff (Lair:5)
  An iguana (Lair:6)
  A quokka (D:3)
  2 fungi (Lair:4)
  15 toadstools (Lair:5)
22 creatures vanquished.

Grand Total: 834 creatures vanquished

Notes
Turn   | Place    | Note
-------+----------+-------------------------------------------
     0 | D:1      | nicolaieve the Minotaur Berserker began the quest for the
                  | Orb.
     0 | D:1      | Reached XP level 1. HP: 19/19 MP: 0/0
   236 | D:1      | Reached XP level 2. HP: 26/26 MP: 1/1
   693 | D:2      | Reached skill level 5 in Maces & Flails
   716 | D:2      | Reached XP level 3. HP: 31/31 MP: 2/2
  1042 | D:2      | Reached XP level 4. HP: 39/39 MP: 3/3
  1105 | D:2      | Reached ** piety under Trog
  1541 | D:3      | Noticed a sky beast
  1552 | D:3      | Killed a sky beast
  1552 | D:3      | Reached XP level 5. HP: 38/45 MP: 4/4
  1624 | D:3      | Found a hide-covered altar of Uskayaw.
  1724 | D:3      | Found a glowing drain.
  1740 | Sewer    | Entered a sewer
  1788 | Sewer    | Noticed Purgy
  1817 | Sewer    | Killed Purgy
  1817 | Sewer    | Reached XP level 6. HP: 25/51 MP: 5/5
  2338 | D:4      | Found Emac's Antique Weapon Boutique.
  2389 | D:4      | Bought a glowing morningstar for 203 gold pieces
  2592 | D:4      | Reached XP level 7. HP: 57/57 MP: 6/6
  2603 | D:4      | Reached skill level 10 in Maces & Flails
  2824 | D:5      | Entered Level 5 of the Dungeon
  2879 | D:5      | Noticed Eustachio
  2890 | D:5      | Killed Eustachio
  2944 | D:5      | Found a sparkling altar of Nemelex Xobeh.
  3034 | D:5      | Found a hazy altar of Hepliaklqana.
  3065 | D:5      | Reached *** piety under Trog
  3065 | D:5      | Reached XP level 8. HP: 35/64 MP: 7/7
  3149 | D:5      | Found a shadowy altar of Dithmenos.
  3299 | D:6      | Noticed Pikel
  3329 | D:6      | Killed Pikel
  3527 | D:6      | Reached XP level 9. HP: 70/70 MP: 8/8
  3748 | D:6      | Found a staircase to the Ecumenical Temple.
  3922 | D:7      | Reached skill level 1 in Shields
  4015 | D:7      | Found Bennomn's Antique Weapon Shoppe.
  4136 | D:7      | Found Hyell's Food Shop.
  4147 | D:7      | Found Nisoig's Antique Weapon Shoppe.
  4217 | D:7      | Reached **** piety under Trog
  4397 | D:7      | Reached skill level 15 in Maces & Flails
  4451 | D:7      | Found Oty Jich's Jewellery Shop.
  4778 | D:7      | Found Hasikuk's Jewellery Shop.
  4929 | D:8      | Found Dicuq's Changing Room.
  5089 | D:8      | Reached ***** piety under Trog
  5106 | D:8      | Reached XP level 10. HP: 77/77 MP: 9/9
  5109 | D:8      | Reached skill level 4 in Fighting
  5140 | D:8      | Noticed a two-headed hydra
  5147 | D:8      | Killed a two-headed hydra
  5147 | D:8      | Reached skill level 5 in Fighting
  5204 | D:8      | Reached skill level 6 in Fighting
  5267 | D:8      | Reached skill level 5 in Armour
  5275 | D:8      | Found a runed gate.
  5425 | D:8      | Found a basalt altar of Yredelemnul.
  5450 | D:8      | Found a runed gate.
  5453 | D:8      | Found a runed gate.
  5453 | D:8      | Noticed MalarOregon's ghost (novice MiFi)
  5474 | D:8      | Reached skill level 7 in Fighting
  5487 | D:8      | Killed MalarOregon's ghost
  5487 | D:8      | Reached skill level 8 in Fighting
  5777 | D:9      | Noticed a two-headed ogre
  5782 | D:9      | Killed a two-headed ogre
  5782 | D:9      | Reached skill level 9 in Fighting
  5782 | D:9      | Reached XP level 11. HP: 97/97 MP: 10/10
  5798 | D:9      | Found a staircase to the Lair.
  5822 | D:9      | Noticed Prince Ribbit
  5825 | D:9      | Received a gift from Trog
  5848 | D:9      | Killed Prince Ribbit
  5938 | D:9      | Found an ancient bone altar of Kikubaaqudgha.
  5938 | D:9      | Found an iron altar of Okawaru.
  5938 | D:9      | Found an ornate altar of the Wu Jian Council.
  5941 | D:9      | Found a stormy altar of Qazlal.
  5949 | D:9      | Found a sacrificial altar of Ru.
  6258 | D:9      | Found a glowing silver altar of Zin.
  6269 | D:9      | Found a glowing golden altar of the Shining One.
  6343 | D:9      | Found a radiant altar of Vehumet.
  6344 | D:9      | Found a burning altar of Makhleb.
  6526 | D:10     | Entered Level 10 of the Dungeon
  6536 | D:10     | Found Fiseniem's Gadget Shoppe.
  6547 | D:10     | Paralysed by a hornet for 1 turns
  6561 | D:10     | Reached skill level 10 in Fighting
  6594 | D:10     | Found Toevvyp's Jewellery Shoppe.
  6707 | D:10     | Found Loabb's Armour Emporium.
  6749 | D:10     | Found a stormy altar of Qazlal.
  6806 | D:10     | Found Xiuroili's Weapon Emporium.
  7089 | D:10     | Found Cydios's Weapon Boutique.
  7232 | D:11     | Reached skill level 11 in Fighting
  7312 | D:11     | Noticed a two-headed ogre
  7319 | D:11     | Killed a two-headed ogre
  7491 | D:11     | Reached skill level 12 in Fighting
  7536 | D:11     | Reached skill level 10 in Armour
  7586 | D:11     | Noticed a red ugly thing
  7594 | D:11     | Killed a red ugly thing
  7594 | D:11     | Received a gift from Trog
  7646 | D:11     | Noticed a white ugly thing
  7646 | D:11     | Noticed a red ugly thing
  7662 | D:11     | Killed a red ugly thing
  7688 | D:11     | Killed a white ugly thing
  7688 | D:11     | Reached XP level 12. HP: 73/113 MP: 11/11
  7819 | D:11     | Reached skill level 13 in Fighting
  8105 | D:11     | Noticed an eight-headed hydra
  8111 | D:11     | Killed an eight-headed hydra
  8391 | D:12     | HP: 4/174 [cyclops/large rock (30)]
  8522 | D:12     | Reached skill level 14 in Fighting
  8575 | D:12     | Noticed a two-headed ogre
  8582 | D:12     | Killed a two-headed ogre
  8603 | D:12     | Noticed an alligator
  8629 | D:12     | Killed an alligator
  8631 | D:12     | Noticed an alligator
  8650 | D:12     | Killed an alligator
  8701 | D:12     | Received a gift from Trog
  8862 | D:12     | Found a staircase to the Orcish Mines.
  8914 | D:12     | Reached skill level 15 in Fighting
  9342 | Lair:1   | Entered Level 1 of the Lair of Beasts
  9571 | Lair:1   | Reached XP level 13. HP: 128/128 MP: 12/12
  9779 | Lair:1   | Reached skill level 16 in Fighting
 10448 | Lair:2   | Found a staircase to the Shoals.
 10470 | Lair:2   | Received a gift from Trog
 11364 | Lair:2   | Reached skill level 17 in Fighting
 11566 | Lair:3   | Found a dark tunnel.
 11575 | Volcano  | Entered a volcano
 11959 | Volcano  | Found a bloodstained altar of Trog.
 12459 | Lair:3   | Found a hole to the Spider Nest.
 12679 | Lair:3   | Received a gift from Trog
 12712 | Lair:3   | Reached skill level 18 in Fighting
 13002 | Lair:3   | Reached skill level 1 in Slings
 13354 | Lair:4   | Reached XP level 14. HP: 143/143 MP: 13/13
 14174 | Lair:5   | Found a staircase to the Slime Pits.
 14188 | Lair:5   | Received a gift from Trog
 14394 | Lair:5   | Found a runed door.
 14814 | Lair:5   | HP: 5/216 [dire elephant (28)]
 15014 | Lair:6   | Entered Level 6 of the Lair of Beasts
 15411 | Lair:6   | Reached skill level 19 in Fighting
 15494 | Lair:6   | Reached skill level 15 in Armour
 15580 | Lair:6   | Reached skill level 5 in Slings
 15985 | Lair:6   | Got a translucent chain mail
 16007 | Lair:6   | Identified the +3 chain mail of the Devil {+Fly rPois rCorr
                  | Str-4 Stlth+} (You found it on level 6 of the Lair of
                  | Beasts)
 16341 | Orc:1    | Entered Level 1 of the Orcish Mines
 16341 | Orc:1    | Found a roughly hewn altar of Beogh.
 16461 | Orc:1    | Received a gift from Trog
 16477 | Orc:1    | Got a bloodstained hunting sling {god gift}
 16561 | Orc:1    | Identified the +12 hunting sling of Callousness {velocity,
                  | rC+} (Trog gifted it to you on level 1 of the Orcish Mines)
 16792 | Orc:2    | Entered Level 2 of the Orcish Mines
 16913 | Orc:2    | Noticed an orc warlord
 17059 | Orc:2    | Killed an orc warlord
 17059 | Orc:2    | Reached XP level 15. HP: 92/154 MP: 14/14
 17117 | Orc:2    | Found a staircase to the Elven Halls.
 17763 | Orc:2    | Reached ****** piety under Trog
 17896 | Orc:2    | Noticed Urug
 18145 | Orc:2    | Killed Urug
 18156 | Orc:2    | Received a gift from Trog
 18445 | Orc:2    | Found Ceygif's Magic Scroll Boutique.
 18445 | Orc:2    | Found Egic's Book Emporium.
 18447 | Orc:2    | Found Curphok's Food Shoppe.
 18449 | Orc:2    | Found Cehepsai's Distillery.
 18453 | Orc:2    | Bought a scroll of fog for 30 gold pieces
 18453 | Orc:2    | Bought a scroll of teleportation for 45 gold pieces
 18453 | Orc:2    | Bought a scroll of noise for 15 gold pieces
 18453 | Orc:2    | Bought a scroll of blinking for 112 gold pieces
 18453 | Orc:2    | Bought a scroll of amnesia for 52 gold pieces
 18461 | Orc:2    | Bought a potion of agility for 56 gold pieces
 18461 | Orc:2    | Bought a potion of heal wounds for 70 gold pieces
 18814 | D:10     | Bought a +0 shield for 54 gold pieces
 18843 | D:10     | Bought the amulet "Bolosel" {RegenMP MR+++ Str-2 SInv} for
                  | 482 gold pieces
 18843 | D:10     | Bought the ring "Ocvuv" {-Tele rF+ EV+2 Str+8 Int+3} for
                  | 415 gold pieces
 19010 | D:13     | Found a gate to the Vaults.
 19017 | D:13     | Reached skill level 5 in Shields
 19024 | D:13     | Received a gift from Trog
 19205 | D:13     | Received a gift from Trog
 19829 | D:14     | Found a shattered altar of Ashenzari.
 20022 | D:14     | Found a blossoming altar of Fedhas.
 20216 | D:14     | HP: 7/155 [enormous slime creature (63)]
 20217 | D:14     | Annihilated by an enormous slime creature

Skill      XL: |  1  2  3  4  5  6  7  8  9 10 11 12 13 14 15 |
---------------+----------------------------------------------+-----
Maces & Flails | 4 5 6 7 8 9 11 13 15 16 | 16.0
Shields        | 4 9 |  9.9
Fighting       | 9 12 15 18 19 | 19.8
Armour         | 7 10 11 13 15 16 | 16.2
Slings         | 1 5 6 |  6.4
Dodging        | |  2.1

Action                   |  1- 3 |  4- 6 |  7- 9 | 10-12 | 13-15 || total
-------------------------+-------+-------+-------+-------+-------++-------
Melee: Mace              |    62 |     7 |       |       |       ||    69
       Headbutt          |     8 |    34 |    61 |   258 |   594 ||   955
       Whip              |       |   125 |       |   853 |  1816 ||  2794
       Morningstar       |       |    17 |   260 |   104 |       ||   381
 Fire: Hunting sling     |       |       |       |       |     1 ||     1
Invok: Berserk           |       |     1 |     5 |    16 |    24 ||    46
       Trog's Hand       |       |     1 |     1 |     4 |     9 ||    15
       Brothers in Arms  |       |       |       |     1 |       ||     1
  Use: Scroll            |       |     6 |       |     5 |     5 ||    16
       Potion            |       |       |       |     7 |     7 ||    14
 Stab: Petrified         |       |       |       |       |     5 ||     5
       Confused          |       |       |       |       |     2 ||     2
  Eat: Ration            |       |     1 |       |     1 |     1 ||     3
       Chunk             |       |     3 |    13 |    31 |    58 ||   105
Armor: Scale mail        |    24 |       |       |       |       ||    24
       Animal skin       |     1 |       |       |       |       ||     1
       Chain mail        |     3 |    96 |       |       |   265 ||   364
       Ring mail         |       |       |    84 |   273 |    73 ||   430
       Skin              |       |       |       |    33 |    32 ||    65
       Plate armour      |       |       |       |       |   269 ||   269
Dodge: Dodged            |    29 |    72 |   117 |   387 |   555 ||  1160
Block: Buckler           |       |       |    32 |   203 |   299 ||   534
       Shield            |       |       |       |       |   112 ||   112
